 Dungeon Crawl Stone Soup version 0.30-a0-1114-gd936c97349 (webtiles) character file.

Game seed: 8555135494384338179

339849 Pooter the Warrior (level 21, -27/301 HPs)
             Began as a Minotaur Berserker on Apr 17, 2023.
             Was a High Priest of Trog.
             Killed from afar by Jory (84 damage)
             ... with a crystal spear
             ... on level 3 of the Vaults on Apr 21, 2023.
             The game lasted 06:07:06 (79385 turns).

Pooter the Warrior (Minotaur Berserker)            Turns: 79385, Time: 06:07:06

Health: -27/301    AC: 24    Str: 30    XL:     21   Next: 5%
Magic:  29/29      EV: 17    Int:  7    God:    Trog [*****.]
Gold:   699        SH:  5    Dex: 16    Spells: 20/20 levels left

rFire   + + .      SeeInvis +    a - +5 battleaxe (heavy)
rCold   . . .      Faith    .    (shield currently unavailable)
rNeg    . . .      Spirit   .    V - +8 chain mail {rF+}
rPois   .          Reflect  +    (helmet restricted)
rElec   .          Rampage  .    k - scarf {harm}
rCorr   +          Clarity  +    Y - +2 pair of gloves {Str+3}
Will    +....      Harm     + .  (no boots) Stlth
                                 r - amulet of reflection
HPRegen 0.70/turn                C - ring "Cusu" {rCorr Slay+6}
MPRegen 0.21/turn                S - ring of Sunlight {MP+9 Int+3 SInv}

@: berserking, very quick
A: horns 2, retaliatory headbutt, fangs 1, clarity, fire resistance 1
}: 2/15 runes: serpentine, barnacled
a: Renounce Religion, Berserk, Trog's Hand, Brothers in Arms


You were on level 3 of the Vaults.
You worshipped Trog.
Trog was extremely pleased with you.
You visited 7 branches of the dungeon, and saw 36 of its levels.
You visited the Abyss 1 time.
You visited 1 bazaar.
You also visited: Gauntlet and Ice Cave.

You collected 4411 gold pieces.
You spent 3712 gold pieces at shops.

Inventory:

Hand Weapons
 a - a +5 heavy battleaxe (weapon)
   (Trog gifted it to you on level 4 of the Shoals)
 b - a +3 arbalest of draining
   (You found it on level 3 of the Elven Halls)
 p - a +6 dire flail of holy wrath
   (You subdued it on level 1 of the Elven Halls)
 v - a +4 antimagic dire flail
   (Trog gifted it to you on level 4 of the Snake Pit)
 F - a +4 heavy great mace
   (You took it off a deep elf demonologist on level 3 of the Elven Halls)
Missiles
 B - 14 javelins
 H - 4 datura-tipped darts
 L - 3 silver boomerangs
 R - 3 curare-tipped darts
 T - 10 silver javelins
 W - 57 boomerangs (quivered)
Armour
 k - a scarf of harm (worn)
   (You bought it in a shop on level 15 of the Dungeon)
 n - a +2 hat
   (You found it on level 2 of the Dungeon)
 V - a +8 chain mail of fire resistance (worn)
   (You took it off a minotaur in a Gauntlet)
 Y - a +2 pair of gloves of strength (worn)
   (You found it in a Gauntlet)
Jewellery
 j - a +6 ring of strength
   (You found it on level 2 of the Dungeon)
 m - a +4 ring of slaying
   (You bought it in a shop on level 2 of the Snake Pit)
 r - an amulet of reflection (around neck)
   (You found it on level 3 of the Dungeon)
 s - a ring of protection from fire
   (You took it off a deep elf blademaster on level 3 of the Elven Halls)
 C - the ring "Cusu" (left hand) {rCorr Slay+6}
   (You bought it in a shop in a bazaar)

   [ring of resist corrosion]

   Slay:      It affects your accuracy & damage with ranged weapons and melee
   (+6).
   rCorr:     It protects you from acid and corrosion.
 I - a ring of protection from cold
   (You found it on level 13 of the Dungeon)
 S - the ring of Sunlight (right hand) {MP+9 Int+3 SInv}
   (You found it on level 1 of the Vaults)

   [ring of magical power]

   Int:       It affects your intelligence (+3).
   MP:        It affects your magic capacity (+9).
   SInv:      It lets you see invisible.
 U - the amulet "Qairph" {Spirit rPois Int+4 Stlth+}
   (You took it off a minotaur in a Gauntlet)

   [amulet of guardian spirit]

   It causes incoming damage to be divided between your reserves of health and
   magic.
   Int:       It affects your intelligence (+4).
   rPois:     It protects you from poison.
   Stlth:     It makes you more stealthy.
 X - the ring "Nyxaliopto" {Fire Fly rN+++ rCorr Int-2}
   (You found it in an ice cave)

   [ring of fire]

   It enhances your fire magic.
   Int:       It affects your intelligence (-2).
   rF:        It protects you from fire.
   rC:        It makes you vulnerable to cold.
   rN:        It renders you almost immune to negative energy.
   Fly:       It grants you flight.
   rCorr:     It protects you from acid and corrosion.
Wands
 c - a wand of roots (30)
   (You took it off an orc on level 7 of the Dungeon)
 x - a wand of acid (13)
   (You found it on level 4 of the Dungeon)
 z - a wand of charming (47)
   (You found it on level 9 of the Dungeon)
 D - a wand of digging (15)
   (You took it off a deep elf zephyrmancer on level 3 of the Elven Halls)
 M - a wand of polymorph (8)
   (You found it on level 6 of the Dungeon)
 Z - a wand of mindburst (37)
   (You found it on level 1 of the Lair of Beasts)
Scrolls
 d - 6 scrolls of blinking
 f - 7 scrolls of poison {!r}
 g - 4 scrolls of fog
 o - a scroll of immolation {!r}
 t - 8 scrolls of teleportation {@r4}
 y - 3 scrolls of noise {!r}
 K - 2 scrolls of silence
 Q - 4 scrolls of magic mapping
Potions
 e - a potion of haste {@q3}
 h - 2 potions of cancellation
 i - a potion of berserk rage
 l - 5 potions of lignification {!q}
 q - 18 potions of curing {@q1}
 u - 14 potions of heal wounds {@q2}
 w - 8 potions of flight
 A - a potion of invisibility
 E - 13 potions of attraction {!q}
 J - 5 potions of mutation {!q}
 N - 3 potions of resistance
Miscellaneous
 G - a phantom mirror
   (You found it on level 2 of the Vaults)
 O - a box of beasts
   (You found it on level 2 of the Snake Pit)
 P - a phial of floods
   (You found it in a Gauntlet)


   Skills:
 + Level 20.0 Fighting
 - Level 0.9 Short Blades
 - Level 18.3(20.2) Axes
 + Level 14.8(18.5) Maces & Flails
 - Level 18.0 Ranged Weapons
 + Level 5.9 Throwing
 + Level 13.9 Armour
 + Level 14.7 Dodging
 + Level 13.7 Stealth
 + Level 9.7 Evocations


You had 20 spell levels left.
You didn't know any spells.
Your spell library was empty.

Dungeon Overview and Level Annotations

Branches:
Dungeon (15/15)            Temple (0/1) D:4            Lair (5/5) D:11
 Shoals (4/4) Lair:2        Snake (4/4) Lair:3        Slime (0/5) Lair:5
    Orc (2/2) D:11            Elf (3/3) Orc:2        Vaults (3/5) D:13
  Crypt (0/3) Vaults:2     Depths (0/4) D:15          IceCv (visited)
Gauntlet (visited)

Altars:
Ashenzari
Cheibriados
Dithmenos
Elyvilon
Fedhas
Gozag
Makhleb
Nemelex Xobeh
Okawaru
Qazlal
Ru
Trog
Uskayaw
Vehumet
Jiyva

Shops:
D:1 (   D:2 [   D:9 !   D:15 *   Orc:2 =(*[?   Elf:2 *   Shoals:4 ?**
Snake:1 :   Snake:2 :::=   Vaults:2 [[(

Portals:
Trove: D:11 (give +5 demon blade)

Annotations:
D:15 2 transporters, Otyfaod's ghost, adept GrFi
Shoals:4 Mara
Elf:1 2 transporters, Mayja's ghost, veteran DDBe
Elf:2 5 runed translucent doors
Vaults:3 Jory


Innate Abilities, Weirdness & Mutations

You have a pair of horns on your head.
You reflexively headbutt those who attack you in melee.
You have very sharp teeth.
You possess an exceptional clarity of mind.
Your flesh is heat resistant. (rF+)


Message History

You drain the great orb of eyes. You open the door.
There is an open door here.
You shoot a bolt. The bolt hits the great orb of eyes.
You shoot a bolt.
The bolt barely misses the great orb of eyes.
You shoot a bolt.
The bolt completely misses the great orb of eyes.
The great orb of eyes gazes at you.
You easily resist.
You shoot a bolt. The bolt hits the great orb of eyes.
You drain the great orb of eyes.
a - a +5 heavy battleaxe (weapon)
The great orb of eyes barely misses you.
You furiously retaliate!
You headbutt the great orb of eyes! You slice the great orb of eyes!!
You kill the great orb of eyes!
Trog accepts your kill.
You open the large door. You open the large door.
Found a scroll of identify.
There is a large open door here.
You open the large door.
There is a large open door here.
You open the door.
There is an open door here.
You open the door.
Jory the Bloodstained Count comes into view.
He is wielding a +1 great sword.
There is an open door here.
Blink to where?
Found a great mace.
As you read the scroll of blinking, it crumbles to dust.
The helpless Jory fails to defend himself.
You carve Jory like a ham!!! You headbutt Jory, but do no damage.
Jory hits you with a +1 great sword!!! Jory misses you.
You closely miss Jory. You headbutt Jory, but do no damage.
Jory hits you with a +1 great sword!!! Jory bites you but does no damage.
You hit Jory. You headbutt Jory! You bite Jory. Jory closely misses you.
Jory bites you but does no damage.
You miss Jory. Jory gestures at you while chanting.
The crystal spear hits you!!!
* * * LOW HITPOINT WARNING * * *
A red film seems to cover your vision as you go berserk!
You feel yourself moving faster!
You feel mighty! You block Jory's attack. Jory misses you.
You slice Jory!! Your headbutt misses Jory. Jory casts a spell at you.
The crystal spear hits you!!!
You die...

##'####........#. ##).
#.##.#........#. ##.(.
##..##........#. ##...#
##..##........#.##...##
#.##.'........#.#...###
.######........#..#.###.
...............#.<.###..
...............#........
.......@V......######'#+
#+###...................
#...................
#......########.....
#).....# #..... #......#
#..... #......# #.....
#......+ #..... #.....


You could see Jory.

Vanquished Creatures
  Nikola (Elf:3)
  The ghost of Soammui the Slayer, an adept MiBe of Trog (Elf:2)
  Rupert (D:12)
  A tentacled monstrosity (D:14)
  2 deep elf blademasters (Elf:3)
  A deep elf master archer (Elf:3)
  2 krakens
  4 sphinxes (Vaults:2)
  Kirke (Shoals:3)
  Donald (Vaults:1)
  6 nagarajas (Snake:4)
  Ilsuiw (Shoals:3)
  8 deep elf sorcerers
  A fire giant (Vaults:2)
  4 vault wardens
  A draconian knight (IceCv)
  2 deep elf elementalists (Elf:3)
  Louise (Shoals:1)
  An orc warlord (Orc:1)
  A quicksilver ooze (Gauntlet)
  A cacodemon (D:14)
  A stone giant (D:15)
  14 ironbound preservers
  5 deep elf demonologists (Elf:3)
  An ironbound thunderhulk (Vaults:1)
  Azrael (Snake:1)
  A minotaur (Gauntlet)
  6 deep elf annihilators
  8 dire elephants (Vaults:2)
  5 white draconians (IceCv)
  6 deep elf death magi
  The ghost of Qesae the Convoker, a journeyman FeSu of Gozag (D:14)
  3 merfolk javelineers
  3 entropy weavers (Vaults:2)
  3 yaktaur captains
  4 deep elf high priests (Elf:3)
  3 hydras
  7 great orbs of eyes
  6 merfolk impalers
  4 salamander tyrants
  A rakshasa (D:14)
  6 vault guards
  3 catoblepae
  13 centaur warriors
  9 ironbound frosthearts
  11 anacondas
  A merfolk avatar (Shoals:1)
  An ogre mage (D:15)
  An alligator snapping turtle (Shoals:4)
  19 death yaks
  3 merfolk aquamancers
  7 two-headed ogres
  A death knight (Vaults:2)
  5 boulder beetles
  22 dancing weapons
  4 tengu warriors
  3 satyrs
  12 naga warriors
  Urug (D:12)
  A thrashing horror (Abyss:2)
  14 naga sharpshooters
  4 orc high priests
  8 shock serpents
  14 deep elf knights
  4 skysharks
  3 salamander mystics (Snake:4)
  3 skeletal warriors (D:14)
  11 sea snakes
  4 ironbound convokers
  32 deep trolls
  A phantasmal warrior (Vaults:2)
  A glowing orange brain (D:14)
  6 naga ritualists
  A glowing orange brain (shapeshifter) (D:14)
  13 deep elf archers
  3 wizards
  A lindwurm (shapeshifter) (D:14)
  An orange crystal statue (IceCv)
  2 lindwurms (Vaults:2)
  A harpy (shapeshifter) (D:14)
  25 deep elf zephyrmancers
  A necromancer (Vaults:2)
  37 deep elf pyromancers
  8 orc knights
  A wolf spider (Lair:5)
  45 harpies
  14 ugly things
  7 mana vipers
  8 orc sorcerers
  16 manticores
  9 cyclopes
  21 salamanders
  8 merfolk sirens
  19 fauns
  6 guardian serpents
  A frost giant skeleton (Vaults:2)
  3 elephants (Lair:3)
  7 vault sentinels
  42 black mambas
  9 naga magi
  3 smoke demons (Abyss:2)
  A gargoyle (D:10)
  A rust devil (Abyss:2)
  13 cane toads
  7 water nymphs
  A large abomination (Gauntlet)
  4 storm dragon simulacra (IceCv)
  2 efreet (D:14)
  A kobold demonologist (D:14)
  A rime drake (Lair:4)
  An unseen horror (shapeshifter) (D:14)
  6 komodo dragons
  A komodo dragon (shapeshifter) (D:12)
  2 tengu conjurers (D:15)
  5 yaktaurs
  2 wind drakes
  2 golden dragon simulacra (IceCv)
  4 hornets
  24 merfolk
  6 trolls
  A raiju (shapeshifter) (D:14)
  4 dream sheep
  A snapping turtle (Shoals:2)
  15 blink frogs
  A polar bear (Lair:4)
  A flying skull (Vaults:2)
  19 slime creatures
  12 water elementals
  6 air elementals
  38 yaks
  A jumping spider (Vaults:2)
  A spriggan (shapeshifter) (D:14)
  2 hogs (Shoals:3)
  A wraith (D:12)
  16 humans (D:12)
  An elf zombie (Vaults:2)
  4 fire elementals
  15 wyverns
  2 steam dragons
  2 basilisks
  Grum (D:9)
  3 redbacks
  A human simulacrum (Vaults:2)
  4 neqoxecs (D:14)
  11 vampire mosquitoes
  5 wargs
  34 water moccasins
  2 acid dragons (D:11)
  29 nagas
  2 hell hounds (Snake:1)
  2 small abominations
  3 ice beasts
  A sky beast (D:8)
  31 orc warriors
  5 ice dragon simulacra (IceCv)
  2 black bears
  16 ogres
  9 wolves
  4 centaurs
  5 kobold brigands
  A phantom (D:5)
  10 bullfrogs
  3 gnoll sergeants
  4 earth elementals
  4 scorpions
  7 wights
  17 killer bees
  9 lindwurm simulacra (IceCv)
  8 howler monkeys
  5 electric eels
  A gnoll bouda (D:7)
  4 hounds
  2 jellies (D:7)
  29 orc priests
  An iron imp (Abyss:2)
  6 iguanas
  21 orc wizards
  3 adders
  16 gnolls
  2 white imps
  3 worms (D:2)
  2 dart slugs (D:2)
  98 orcs
  4 ball pythons
  8 endoplasms
  4 giant cockroaches
  A goblin (shapeshifter) (D:14)
  4 hobgoblins
  3 jackals (D:3)
  8 kobolds
  6 quokkas
  3 bats (D:3)
  3 frilled lizards
  6 goblins
  4 rats
  A tentacle (Shoals:1)
1373 creatures vanquished.

Vanquished Creatures (collateral kills)
  2 dancing weapons (Elf:1)
  A naga warrior (Snake:3)
  A naga sharpshooter (Snake:3)
  A sea snake (Shoals:2)
  A deep elf archer (Elf:1)
  2 salamanders (Snake:3)
  A black mamba (Snake:3)
  A storm dragon simulacrum (IceCv)
  3 merfolk (Shoals:2)
  A water elemental (Elf:1)
  4 nagas (Snake:3)
  3 orc priests (Orc:2)
21 creatures vanquished.

Vanquished Creatures (others)
  A tengu warrior (D:15)
  A naga ritualist (Snake:3)
  A deep elf zephyrmancer (Elf:1)
  2 bushes
  61 fungi
  278 plants
  11 tentacles
355 creatures vanquished.

Grand Total: 1749 creatures vanquished

Notes
Turn   | Place    | Note
-------+----------+-------------------------------------------
     0 | D:1      | Pooter the Minotaur Berserker began the quest for the Orb.
     0 | D:1      | Reached XP level 1. HP: 19/19 MP: 0/0
   147 | D:1      | Found Enladwaafa's Weapon Boutique.
   159 | D:1      | Reached XP level 2. HP: 27/27 MP: 1/1
   220 | D:1      | Reached skill level 4 in Fighting
   301 | D:1      | Reached skill level 1 in Stealth
   650 | D:1      | Reached XP level 3. HP: 33/33 MP: 2/2
   966 | D:2      | Found Dum Riluah's Armour Shoppe.
  1052 | D:2      | Reached ** piety under Trog
  1146 | D:1      | Bought a +0 shortbow for 30 gold pieces
  1678 | D:3      | Reached skill level 1 in Maces & Flails
  1678 | D:3      | Reached skill level 1 in Ranged Weapons
  1678 | D:3      | Reached XP level 4. HP: 31/41 MP: 3/3
  1891 | D:3      | Reached XP level 5. HP: 46/47 MP: 4/4
  2263 | D:3      | Found a white marble altar of Elyvilon.
  2692 | D:4      | Noticed a +0 hand axe
  2696 | D:4      | Noticed a +0 dagger
  2697 | D:4      | Found a hide-covered altar of Uskayaw.
  2717 | D:4      | Found a staircase to the Ecumenical Temple.
  2884 | D:4      | Reached skill level 5 in Fighting
  3386 | D:4      | Found a sparkling altar of Nemelex Xobeh.
  3524 | D:5      | Entered Level 5 of the Dungeon
  3596 | D:5      | Reached XP level 6. HP: 56/56 MP: 5/5
  3729 | D:5      | Found a radiant altar of Vehumet.
  3965 | D:5      | Noticed a water moccasin
  3976 | D:5      | Killed a water moccasin
  3977 | D:5      | Reached XP level 7. HP: 61/61 MP: 6/6
  4265 | D:5      | Found an opulent altar of Gozag.
  4538 | D:6      | Reached skill level 5 in Maces & Flails
  4661 | D:6      | Reached skill level 5 in Ranged Weapons
  4664 | D:6      | Reached skill level 6 in Fighting
  4759 | D:6      | Reached *** piety under Trog
  4760 | D:6      | Reached XP level 8. HP: 69/70 MP: 7/7
  4945 | D:7      | Found a burning altar of Makhleb.
  5040 | D:7      | Found a blossoming altar of Fedhas.
  5040 | D:7      | Found an iron altar of Okawaru.
  5136 | D:7      | Found a stormy altar of Qazlal.
  5209 | D:7      | Noticed a troll
  5209 | D:7      | Noticed a boulder beetle
  5211 | D:7      | Found a transporter.
  5222 | D:7      | Found a transporter.
  5391 | D:7      | Reached skill level 7 in Fighting
  5404 | D:7      | Reached skill level 1 in Evocations
  5408 | D:7      | Reached XP level 9. HP: 79/79 MP: 8/8
  5478 | D:7      | Found a sacrificial altar of Ru.
  5688 | D:8      | Noticed a two-headed ogre
  6086 | D:8      | Killed a two-headed ogre
  6087 | D:8      | Reached skill level 5 in Stealth
  6167 | D:7      | Reached skill level 8 in Fighting
  6194 | D:8      | Reached XP level 10. HP: 61/88 MP: 9/9
  7173 | D:9      | Noticed Grum
  7184 | D:9      | Killed Grum
  7346 | D:9      | Reached skill level 10 in Maces & Flails
  7396 | D:9      | Found Vonurghuf's Distillery.
  7406 | D:9      | Bought a potion of flight for 48 gold pieces
  7406 | D:9      | Bought a potion of curing for 48 gold pieces
  7406 | D:9      | Bought a potion of degeneration for 16 gold pieces
  7406 | D:9      | Bought a potion of flight for 48 gold pieces
  7406 | D:9      | Bought a potion of curing for 48 gold pieces
  7406 | D:9      | Bought a potion of heal wounds for 80 gold pieces
  7406 | D:9      | Bought a potion of resistance for 160 gold pieces
  7473 | D:9      | Found a broken altar of Ashenzari.
  8166 | D:10     | Entered Level 10 of the Dungeon
  8718 | D:10     | Noticed a two-headed ogre
  8724 | D:10     | Killed a two-headed ogre
  8874 | D:10     | Reached skill level 9 in Fighting
  9254 | D:10     | Found a snail-covered altar of Cheibriados.
  9416 | D:10     | Noticed a gargoyle
  9433 | D:10     | Killed a gargoyle
  9434 | D:10     | Reached skill level 10 in Ranged Weapons
  9924 | D:10     | Noticed a two-headed ogre
  9931 | D:10     | Killed a two-headed ogre
  9932 | D:10     | Reached XP level 11. HP: 93/97 MP: 10/10
 10095 | D:11     | You fall into a shaft and drop 3 floors!
 10154 | D:14     | Found a gate leading to a gauntlet.
 10155 | D:14     | Noticed a centaur warrior
 10170 | D:14     | Killed a centaur warrior
 10301 | Gauntlet | Entered a Gauntlet
 10301 | Gauntlet | Noticed a death scarab
 10301 | Gauntlet | Found a transporter.
 10301 | Gauntlet | Found a transporter.
 10301 | Gauntlet | Found a transporter.
 10315 | Gauntlet | Found a transporter.
 10352 | Gauntlet | Found a transporter.
 10352 | Gauntlet | Found a transporter.
 10367 | Gauntlet | Noticed a quicksilver ooze
 10490 | Gauntlet | Noticed a wretched star
 10490 | Gauntlet | Found a transporter.
 10504 | Gauntlet | Killed a quicksilver ooze
 10614 | Gauntlet | Identified the amulet "Qairph" {Spirit rPois Int+4 Stlth+}
 10614 | Gauntlet | Noticed a minotaur
 10614 | Gauntlet | Found a transporter.
 10631 | Gauntlet | Killed a minotaur
 10709 | Gauntlet | Identified the +1 robe "Cingobatt" {Regen+}
 10718 | D:13     | Noticed a green ugly thing
 10724 | D:13     | Killed a green ugly thing
 10875 | D:13     | Noticed a deep elf pyromancer
 10881 | D:13     | Killed a deep elf pyromancer
 10882 | D:13     | Reached skill level 5 in Evocations
 11131 | D:13     | Noticed a brown ugly thing
 11145 | D:13     | Killed a brown ugly thing
 11262 | D:13     | Reached skill level 10 in Fighting
 11316 | D:13     | Noticed a catoblepas
 11326 | D:13     | Killed a catoblepas
 11327 | D:13     | Reached skill level 5 in Armour
 11383 | D:13     | Noticed a catoblepas
 11400 | D:13     | Noticed Rupert
 11403 | D:13     | Noticed Urug
 11404 | D:13     | Noticed a centaur warrior
 11421 | D:12     | Reached XP level 12. HP: 106/106 MP: 8/11
 11835 | D:11     | Noticed a two-headed ogre
 11841 | D:11     | Killed a two-headed ogre
 11977 | D:11     | Found a staircase to the Orcish Mines.
 11997 | D:11     | Noticed a vault guard
 12005 | D:11     | Killed a vault guard
 12393 | D:11     | Found a staircase to the Lair.
 13013 | D:11     | Found a portal to a secret trove of treasure.
 13121 | Lair:1   | Entered Level 1 of the Lair of Beasts
 13480 | Lair:1   | Reached skill level 11 in Fighting
 13545 | Lair:1   | Noticed a death yak
 13546 | Lair:1   | Noticed a death yak
 13546 | Lair:1   | Noticed a death yak
 13636 | Lair:1   | Killed a death yak
 13640 | Lair:1   | Killed a death yak
 13645 | Lair:1   | Killed a death yak
 14018 | Lair:2   | Found a staircase to the Shoals.
 14075 | Lair:2   | Noticed a five-headed hydra
 14086 | Lair:2   | Killed a five-headed hydra
 14087 | Lair:2   | Reached XP level 13. HP: 105/116 MP: 9/12
 15295 | Lair:3   | You fall into a shaft and drop 2 floors!
 15295 | Lair:5   | Entered Level 5 of the Lair of Beasts
 15337 | Lair:5   | Found a staircase to the Slime Pits.
 15338 | Lair:5   | Found a viscous altar of Jiyva.
 15902 | Lair:3   | Found a staircase to the Snake Pit.
 15990 | Lair:3   | Reached skill level 12 in Fighting
 18036 | Lair:5   | Reached skill level 15 in Ranged Weapons
 18042 | Lair:4   | Reached XP level 14. HP: 120/127 MP: 11/13
 18719 | Lair:4   | Reached skill level 13 in Fighting
 18789 | Lair:5   | Reached **** piety under Trog
 18800 | Lair:4   | Reached skill level 10 in Armour
 19343 | Lair:5   | Reached skill level 1 in Throwing
 19954 | Lair:5   | Upgraded the game from 0.30-a0-1094-g860fb061e7 to
                  | 0.30-a0-1103-g25895a7845
 20143 | Orc:1    | Entered Level 1 of the Orcish Mines
 20145 | Orc:1    | Paralysed by an orc sorcerer for 5 turns
 20983 | Orc:1    | Reached ***** piety under Trog
 21121 | Orc:2    | Entered Level 2 of the Orcish Mines
 21759 | Orc:2    | Found Tepp's Magic Scroll Boutique.
 21769 | Orc:2    | Bought a scroll of fog for 60 gold pieces
 21769 | Orc:2    | Bought a scroll of magic mapping for 112 gold pieces
 21939 | Orc:2    | Paralysed by an orc sorcerer for 4 turns
 22556 | Orc:2    | Noticed an orc warlord
 22570 | Orc:1    | Killed an orc warlord
 27284 | Orc:2    | Found Faarph's Antique Armour Shop.
 27285 | Orc:2    | Found Elaofan's Antique Weapon Shop.
 27287 | Orc:2    | Found Tunumuh's General Store.
 27287 | Orc:2    | Found Daxibus's Jewellery Boutique.
 27292 | Orc:2    | Bought a scroll of enchant weapon for 90 gold pieces
 27292 | Orc:2    | Bought a scroll of enchant armour for 90 gold pieces
 27325 | Orc:2    | Reached XP level 15. HP: 77/124 MP: 7/14
 27619 | Orc:2    | Found a staircase to the Elven Halls.
 28513 | D:12     | Found a shadowy altar of Dithmenos.
 28688 | D:13     | Found a gate to the Vaults.
 28816 | D:12     | Killed Rupert
 28817 | D:12     | Reached skill level 5 in Axes
 28819 | D:12     | Killed Urug
 29025 | D:13     | Reached skill level 5 in Dodging
 29692 | D:14     | Reached skill level 14 in Fighting
 30237 | D:14     | Found a runed translucent gate.
 30238 | D:14     | Found a runed translucent gate.
 30240 | D:14     | Found a runed translucent gate.
 30627 | D:14     | Found a runed translucent gate.
 30627 | D:14     | Found a runed translucent gate.
 30632 | D:14     | Noticed a tentacled monstrosity
 30634 | D:14     | Found a runed translucent gate.
 30636 | D:14     | Noticed Qesae's ghost (journeyman FeSu)
 30654 | D:15     | Entered Level 15 of the Dungeon
 30665 | D:15     | Found Nesex's Neck Hole.
 30679 | D:15     | Bought a scarf of harm for 126 gold pieces
 30687 | D:15     | Identified the +6 spear of Accord {elec, Dex+5}
 31205 | D:15     | Paralysed by an ogre mage for 2 turns
 31351 | D:15     | Found a staircase to the Depths.
 31691 | D:15     | Found a transporter.
 31692 | D:15     | Found a transporter.
 31693 | D:15     | Noticed Otyfaod's ghost (adept GrFi)
 31693 | D:15     | Identified the +6 great mace "Wegho" {flame, Will+ Dex+4}
 31693 | D:15     | Noticed a fire giant
 31943 | D:9      | Bought a potion of heal wounds for 80 gold pieces
 31943 | D:9      | Bought a potion of resistance for 160 gold pieces
 31943 | D:9      | Upgraded the game from 0.30-a0-1103-g25895a7845 to
                  | 0.30-a0-1112-gfb780f5df6
 32218 | D:14     | Gained mutation: Armour fits poorly on your strangely
                  | shaped body. [a cacodemon]
 32227 | D:14     | Killed a tentacled monstrosity
 32238 | D:14     | Killed Qesae's ghost
 32677 | Elf:1    | Entered Level 1 of the Elven Halls
 33231 | Snake:1  | Entered Level 1 of the Snake Pit
 33888 | Snake:1  | Reached XP level 16. HP: 123/147 MP: 11/15
 34295 | Snake:1  | Noticed Azrael
 34889 | Snake:1  | Found a bloodstained altar of Trog.
 35036 | Snake:1  | Killed Azrael
 35367 | Snake:1  | You fall into a shaft and drop 1 floor!
 35429 | Snake:1  | Found Gacoeh's Book Shoppe.
 35940 | Snake:2  | Found Qiogoecs's Self-Improvement Boutique.
 35947 | Snake:2  | Identified the +1 dagger "Fijarch" {flame, rF+ rN+ rCorr}
 36008 | Snake:2  | Reached skill level 15 in Fighting
 36008 | Snake:2  | Reached skill level 10 in Axes
 36237 | Snake:2  | Found Waerri Elye's Jewellery Emporium.
 36239 | Snake:2  | Found Kosim's Book Shop.
 36239 | Snake:2  | Found Urozies's Book Shop.
 36247 | Snake:2  | Bought a +4 ring of slaying for 1014 gold pieces
 38457 | Snake:3  | Lost mutation: Armour fits poorly on your strangely shaped
                  | body. [potion of mutation]
 38457 | Snake:3  | Gained mutation: You have sharp toenails. [potion of
                  | mutation]
 38457 | Snake:3  | Gained mutation: You are dopey. (Int -2) [potion of
                  | mutation]
 38458 | Snake:3  | Lost mutation: You have sharp toenails. [potion of
                  | mutation]
 38458 | Snake:3  | Lost mutation: You are dopey. (Int -2) [potion of mutation]
 38458 | Snake:3  | Gained mutation: You passively map a small area around you.
                  | [potion of mutation]
 38458 | Snake:3  | Gained mutation: Your spells are a little harder to cast,
                  | but a little more powerful. [potion of mutation]
 38458 | Snake:3  | Gained mutation: You have a pair of large horns on your
                  | head. [potion of mutation]
 38458 | Snake:3  | Gained mutation: Your spells are harder to cast, but more
                  | powerful. [potion of mutation]
 38459 | Snake:3  | Lost mutation: Your spells are harder to cast, but more
                  | powerful. [potion of mutation]
 38459 | Snake:3  | Lost mutation: You passively map a small area around you.
                  | [potion of mutation]
 38459 | Snake:3  | Gained mutation: Your system is resistant to poisons.
                  | (rPois) [potion of mutation]
 38459 | Snake:3  | Gained mutation: Your body sometimes deteriorates upon
                  | taking damage. [potion of mutation]
 38459 | Snake:3  | Gained mutation: Your muscles are strong. (Str +4, Int/Dex
                  | -1) [potion of mutation]
 38460 | Snake:3  | Lost mutation: Your system is resistant to poisons. (rPois)
                  | [potion of mutation]
 38460 | Snake:3  | Lost mutation: Your body sometimes deteriorates upon taking
                  | damage. [potion of mutation]
 38460 | Snake:3  | Gained mutation: You do not regenerate when monsters are
                  | visible. [potion of mutation]
 38460 | Snake:3  | Gained mutation: You occasionally lose the ability to read
                  | scrolls when taking damage. [potion of mutation]
 38460 | Snake:3  | Gained mutation: You possess an exceptional clarity of
                  | mind. [potion of mutation]
 38461 | Snake:3  | Lost mutation: You do not regenerate when monsters are
                  | visible. [potion of mutation]
 38461 | Snake:3  | Lost mutation: Your muscles are strong. (Str +4, Int/Dex
                  | -1) [potion of mutation]
 38461 | Snake:3  | Lost mutation: You have a pair of large horns on your head.
                  | [potion of mutation]
 38461 | Snake:3  | Gained mutation: You are weak. (Str -2) [potion of
                  | mutation]
 38461 | Snake:3  | Gained mutation: You have an increased reservoir of magic.
                  | (+10% MP) [potion of mutation]
 38462 | Snake:3  | Lost mutation: Your spells are a little harder to cast, but
                  | a little more powerful. [potion of mutation]
 38462 | Snake:3  | Lost mutation: You are weak. (Str -2) [potion of mutation]
 38462 | Snake:3  | Gained mutation: You are partially covered in iridescent
                  | scales. (AC +2) [potion of mutation]
 38462 | Snake:3  | Gained mutation: You have very sharp teeth. [potion of
                  | mutation]
 38463 | Snake:3  | Lost mutation: You occasionally lose the ability to read
                  | scrolls when taking damage. [potion of mutation]
 38463 | Snake:3  | Lost mutation: You are partially covered in iridescent
                  | scales. (AC +2) [potion of mutation]
 38463 | Snake:3  | Lost mutation: You have an increased reservoir of magic.
                  | (+10% MP) [potion of mutation]
 38463 | Snake:3  | Gained mutation: Your flesh is heat resistant. (rF+)
                  | [potion of mutation]
 40523 | Snake:4  | Entered Level 4 of the Snake Pit
 41171 | Snake:4  | Reached XP level 17. HP: 130/156 MP: 12/16
 41845 | Snake:4  | Received a gift from Trog
 48160 | Snake:4  | Reached skill level 16 in Fighting
 48336 | Snake:4  | Got a serpentine rune of Zot
 48546 | Snake:4  | Upgraded the game from 0.30-a0-1112-gfb780f5df6 to
                  | 0.30-a0-1114-gd936c97349
 48668 | Shoals:1 | Entered Level 1 of the Shoals
 48794 | Shoals:1 | Found a frozen archway.
 48795 | Shoals:1 | Noticed Louise
 48803 | Shoals:1 | Killed Louise
 48851 | IceCv    | Entered an ice cave
 50155 | IceCv    | Identified the amulet of Fegoun {RegenMP Harm rElec}
 50157 | IceCv    | Identified the ring "Nyxaliopto" {Fire Fly rN+++ rCorr
                  | Int-2}
 50276 | Shoals:1 | Reached skill level 10 in Stealth
 51366 | Shoals:1 | Reached skill level 10 in Dodging
 51422 | Shoals:1 | Noticed a kraken
 51433 | Shoals:1 | Killed a kraken
 51747 | Shoals:2 | Found a flickering gateway to a bazaar.
 51831 | Bazaar   | Entered a bazaar
 51960 | Bazaar   | Found Untot's Jewellery Boutique.
 51982 | Bazaar   | Found Roahavva's Assorted Antiques.
 52003 | Bazaar   | Found Aptowk's Book Boutique.
 52023 | Bazaar   | Found Visuq's Assorted Antiques.
 52050 | Bazaar   | Bought the ring "Cusu" {rCorr Slay+6} for 783 gold pieces
 52442 | Shoals:2 | Reached XP level 18. HP: 101/168 MP: 1/17
 53399 | Shoals:2 | Reached skill level 15 in Axes
 53885 | Shoals:3 | Noticed Ilsuiw
 53921 | Shoals:3 | Killed Ilsuiw
 54195 | Shoals:3 | Noticed Kirke
 54204 | Shoals:3 | Killed Kirke
 54617 | Shoals:4 | Entered Level 4 of the Shoals
 54852 | Shoals:4 | Reached skill level 17 in Fighting
 55520 | Shoals:4 | Identified the +0 chain mail of Dowdy Life {-Tele rN+
                  | Str+3}
 55654 | Shoals:4 | Identified the ring "Ulicw" {Wiz +Blink rElec Str+3}
 55663 | Shoals:4 | Identified the +3 morningstar "Nerphuoq" {freeze, rF+
                  | Dex+2}
 58890 | Shoals:4 | Identified the +4 quick blade "Duowk" {vamp, Str+3 Int+2}
 58940 | Shoals:4 | Received a gift from Trog
 58940 | Shoals:4 | Reached ****** piety under Trog
 59075 | Shoals:4 | Got a barnacled rune of Zot
 59152 | Shoals:4 | Found Zawuir's Magic Scroll Shop.
 59157 | Shoals:4 | Bought a scroll of enchant armour for 150 gold pieces
 59157 | Shoals:4 | Bought a scroll of teleportation for 60 gold pieces
 59172 | Shoals:4 | Identified the +1 falchion of Absolution {speed, Str+4
                  | SInv}
 59186 | Shoals:4 | Found Fudwuuv's General Store.
 59194 | Shoals:4 | Bought a scroll of teleportation for 63 gold pieces
 59194 | Shoals:4 | Bought a scroll of poison for 84 gold pieces
 59194 | Shoals:4 | Bought a potion of flight for 63 gold pieces
 59194 | Shoals:4 | Bought a potion of heal wounds for 105 gold pieces
 59203 | Shoals:4 | Found Feitei's Assorted Antiques.
 59226 | Shoals:4 | Noticed Mara
 60351 | Elf:1    | Found a radiant altar of Vehumet.
 60880 | Elf:1    | Paralysed by an air elemental for 1 turns
 61795 | Elf:1    | Reached XP level 19. HP: 178/179 MP: 18/18
 61967 | Elf:1    | Found a bloodstained altar of Trog.
 61967 | Elf:1    | Noticed Mayja's ghost (veteran DDBe)
 61970 | Elf:1    | Found a transporter.
 61974 | Elf:1    | Found a transporter.
 61996 | Elf:1    | Paralysed by an air elemental for 1 turns
 62493 | Elf:2    | Noticed Soammui's ghost (adept MiBe)
 62493 | Elf:2    | Found a runed translucent door.
 62503 | Elf:2    | Killed Soammui's ghost
 62551 | Elf:2    | Found Finuifog's General Store.
 62555 | Elf:2    | Identified the +5 mace "Palyremua" {flame, rN+ Str+3
                  | Stlth-}
 62561 | Elf:2    | Bought a scroll of blinking for 97 gold pieces
 62561 | Elf:2    | Bought a scroll of enchant armour for 97 gold pieces
 62748 | Elf:2    | Reached skill level 18 in Fighting
 63372 | Elf:2    | Paralysed by an air elemental for 1 turns
 63473 | Elf:2    | Received a gift from Trog
 63847 | Elf:2    | Found a huge runed translucent gate.
 63847 | Elf:2    | Found a huge runed translucent gate.
 63847 | Elf:2    | Found a huge runed translucent gate.
 63848 | Elf:2    | Found a huge runed translucent gate.
 63848 | Elf:2    | Found a huge runed translucent gate.
 64110 | Elf:3    | Entered Level 3 of the Elven Halls
 64884 | Elf:3    | Paralysed by an air elemental for 1 turns
 65034 | Elf:3    | Received a gift from Trog
 65498 | Elf:3    | Paralysed by an air elemental for 1 turns
 65552 | Elf:3    | Noticed Nikola
 65561 | Elf:3    | Killed Nikola
 66538 | Elf:3    | Paralysed by an air elemental for 1 turns
 66540 | Elf:3    | Paralysed by an air elemental for 1 turns
 67675 | Elf:3    | Noticed a Tzitzimitl
 68000 | Abyss:2  | Cast into level 2 of the Abyss (a deep elf demonologist)
 68176 | Elf:3    | Escaped the Abyss
 68177 | Elf:3    | Noticed a Tzitzimitl
 70313 | Elf:3    | Identified the +1 chain mail "Cayvoit" {rC+ SInv}
 71161 | Elf:3    | Identified the +0 robe "Atzounom" {rElec Int+2}
 72176 | Elf:3    | Reached skill level 19 in Fighting
 73723 | Elf:3    | Identified the +7 sling "Plog" {flame, MP+9}
 73728 | Elf:3    | Identified the staff of conjuration "Loxoriz" {Drain *Slow
                  | rElec Str+7}
 73764 | Elf:3    | Identified the staff of cold "Siopoero" {rC+ rN+}
 74190 | Vaults:1 | Entered Level 1 of the Vaults
 74286 | Vaults:1 | Noticed Donald
 74295 | Vaults:1 | Killed Donald
 74347 | Vaults:1 | Reached XP level 20. HP: 122/191 MP: 19/19
 74751 | Vaults:1 | Identified the ring of Sunlight {MP+9 Int+3 SInv}
 76166 | Vaults:2 | HP: 4/288 [ironbound frostheart/creeping frost (46)]
 76856 | Vaults:2 | Reached skill level 5 in Throwing
 77173 | Vaults:2 | Found Taodi's Armour Shop.
 77394 | Vaults:2 | Found Tizeiczuk's Armour Shop.
 77801 | Vaults:2 | Found Targhaad's Antique Weapon Emporium.
 78632 | Vaults:2 | Found a staircase to the Crypt.
 78983 | Vaults:2 | Received a gift from Trog
 79067 | Vaults:2 | Reached skill level 20 in Fighting
 79067 | Vaults:2 | Reached XP level 21. HP: 122/201 MP: 20/20
 79378 | Vaults:3 | Noticed Jory
 79385 | Vaults:3 | Killed from afar by Jory

Illustrated notes

Levels and vault maps discovered:
D:1:      amcnicky_arrival_wind_blow, layout_loops_cross, serial_shops, shop,
          kennysheep_crisscross, roderic_lattice_a
D:2:      layout_basic, serial_shops, shop
D:3:      layout_rooms, lemuel_tele_altar, serial_glass, glass_columns_b,
          glass_columns_a, glass_columns_a, glass_columns_a, glass_columns_a,
          glass_columns_c, item_on_display_a, due_unseen_surprise,
          minmay_strange_pillars, feat_on_display
D:4:      layout_loops_corners, nemelex_diamond_rough_becter,
          dancing_weapons_uskayaw, minmay_temple_entry_antechambers
D:5:      layout_loops_ring, mainiacjoe_overflow_brackets,
          mainiacjoe_overflow_cross_hatched, skrybe_limestone_x
D:6:      layout_cave_pools, item_on_display_a
D:7:      layout_basic, gammafunk_temple_overflow_arena,
          gammafunk_temple_overflow_wave, hangedman_ru_absence,
          grunt_qazlal_clouds
D:8:      layout_cave_pools, kennysheep_small_square
D:9:      layout_irregular_city, evilmike_ruin_ashenzari, serial_shops,
          shop_statue, nicolae_benzene_ring, lemuel_flamethrower_1, uniq_grum
D:10:     layout_loops_ring, mainiacjoe_overflow_boulevard
D:11:     layout_loops_corners, minmay_lair_entry_grove,
          kennysheep_orc_monster_closet_entryway, enter_trove_5
D:12:     layout_basic, nicolae_dithmenos_through_a_glass_darkly
D:13:     layout_irregular_city, david_vaults_3
D:14:     layout_loops_corners, ploomutoo_gammafunk_ghost_potion_laboratory,
          gauntlet_entry_generic, chequers_serial_rivers_micro_a
D:15:     grunt_enter_depths_snipers, layout_long_grid, gammafunk_ghost_smash,
          serial_rivers, chequers_serial_rivers_small_3,
          chequers_serial_rivers_micro_e, chequers_serial_rivers_micro_c,
          chequers_serial_rivers_large_b, nrook_uturn,
          nicolae_shop_sticking_my_neck_out
Lair:1:   layout_misc_corridors, cheibrodos_lair_caveside_slide,
          infiniplex_staircase_pool_2, uniq_urug
Lair:2:   layout_layer_cave, elwin_shoals_entry_rocks, serial_bayou_lake_a
Lair:3:   layout_layer_cave, minmay_snake_entry_six_corridors
Lair:4:   layout_misc_corridors
Lair:5:   hangedman_lair_tendril_chambers, layout_long_grid, slime_entry_1
Shoals:1: layout_shoals, portal_ice_cave_entry_pillars_1, uniq_louise
Shoals:2: dreamdust_from_the_deep, layout_shoals, serial_shops,
          bzr_entry_lakeside, nicolae_shoals_lost_giant_hut
Shoals:3: layout_shoals, yaktaur_hedge, uniq_kirke, uniq_ilsuiw
Shoals:4: shoals_end_grunt_garden, layout_shoals, serial_shops,
          nicolae_shop_real_fake_doors, nicolae_shop_stone,
          nicolae_shop_peninsula, uniq_mara
Snake:1:  layout_chambers, basic_altar, minmay_shop_star, uniq_azrael
Snake:2:  layout_misc_corridors, drop_trap, nicolae_shop_self_help,
          minmay_shop_grove
Snake:3:  layout_gridlike, grunt_megastairs_5
Snake:4:  grunt_snake_rune_serpentine_throne, layout_cave_town
Orc:1:    layout_caves, nicolae_orc_damp_corner, minmay_orc_temple_a
Orc:2:    st_orc_congregation, layout_diamond_mine, serial_shops,
          nicolae_diamond_shop, basic_altar
Elf:1:    elf_arrival_002, layout_loops_corners,
          gammafunk_ghost_wrathful_warriors, basic_altar, minivault_28
Elf:2:    elven_hall_of_blades_hangedman_alternative
          [nicolae_blade_entry_area_security], layout_geoelf_diagonals,
          hellmonk_ghost_happy_afterlife, serial_shops,
          nicolae_shop_tiny_waterfront, st_stairs_5
Elf:3:    minmay_elf_hall_curves, layout_geoelf_castle, kb_rosetta, uniq_nikola
Vaults:1: ontoclasm_vaults_fault, nicolae_vaults_little_squares_5, v_misc_33,
          nicolae_vaults_ninety_degrees, v_misc_22,
          nicolae_vaults_mini_display_case, nicolae_vaults_rhombus_6,
          hangedman_vaults_pinch, nicolae_vaults_gold_heap,
          layout_vaults_big_room, uniq_donald
Vaults:2: v_rooms_2, nicolae_vaults_network_quinsquares
          [nicolae_vaults_network_quincunx_subvault,
          nicolae_vaults_network_quincunx_subvault,
          nicolae_vaults_network_quincunx_subvault,
          nicolae_vaults_network_quincunx_subvault], vaults_room_semicircle,
          grunt_vaults_twisty, hangedman_vaults_capsules,
          nicolae_vaults_little_squares_4, ontoclasm_vaults_ring_small,
          nicolae_vaults_little_squares_6, ontoclasm_vaults_spin,
          nicolae_vaults_little_squares_3, nicolae_vaults_little_squares_3,
          ontoclasm_vaults_chip, minmay_crypt_entry_simple_plaza,
          vaults_room_semicircle, vaults_room_door_ring,
          vaults_room_glass_cross, ontoclasm_vaults_idyll, layout_vaults_ring,
          serial_shops, shop, shop, nicolae_square_shop
Vaults:3: vaults_room_door_ring, vaults_room_semicircle, v_misc_22,
          hangedman_vaults_impose, nicolae_vaults_three_branches,
          vaults_dpeg_emergency_exit, ontoclasm_vaults_decontamination,
          vaults_dpeg_ring, v_misc_15, v_misc_8, ontoclasm_vaults_shuriken,
          layout_vaults_omnigrid, uniq_jory

Skill      XL: |  1  2  3  4  5  6  7  8  9 10 11 12 13 14 15 16 17 18 19 20 |
---------------+-------------------------------------------------------------+-----
Fighting       | 4 5 6 7 8 9 10 11 12 13 14 15 16 17 19 20 | 20.0
Stealth        | 1 2 3 4 5 6 8 9 10 11 12 13 | 13.7
Axes           | 4 8 12 14 17 18 | 18.3
Maces & Flails | 1 3 4 5 7 9 10 12 13 14 | 14.8
Ranged Weapons | 1 3 4 5 6 8 10 11 13 15 16 17 18 | 18.0
Evocations     | 1 3 4 5 6 8 9 |  9.7
Armour         | 5 7 9 10 12 13 | 13.9
Throwing       | 3 5 |  5.9
Dodging        | 4 6 8 10 11 13 14 | 14.7
Short Blades   | |  0.9

Action                     |  1- 3 |  4- 6 |  7- 9 | 10-12 | 13-15 | 16-18 | 19-21 || total
---------------------------+-------+-------+-------+-------+-------+-------+-------++-------
  Melee: Hand axe          |    42 |       |       |       |       |       |       ||    42
         Headbutt          |    18 |    11 |    18 |    66 |   165 |    92 |    80 ||   450
         Short sword       |    31 |       |       |       |       |       |       ||    31
         Morningstar       |     6 |    72 |   140 |       |       |       |       ||   218
         Punch             |     1 |     1 |     2 |       |       |       |       ||     4
         Dire flail        |       |       |    24 |   373 |   665 |   135 |    12 ||  1209
         Scimitar          |       |       |       |       |     1 |       |       ||     1
         Battleaxe         |       |       |       |       |    20 |   256 |   323 ||   599
         Bite              |       |       |       |       |       |    30 |    39 ||    69
   Fire: Shortbow          |    25 |    63 |    68 |    23 |       |       |       ||   179
         Arbalest          |       |       |       |    93 |   625 |   856 |   480 ||  2054
  Throw: Dart              |       |     3 |     2 |    11 |    13 |    11 |       ||    40
         Boomerang         |       |       |     5 |     1 |     1 |    18 |     1 ||    26
         Javelin           |       |       |       |       |       |       |     2 ||     2
 Invoke: Berserk           |     2 |     3 |     7 |    17 |    15 |     7 |     9 ||    60
         Trog's Hand       |       |     2 |    10 |    19 |    19 |    28 |    31 ||   109
         Brothers in Arms  |       |       |       |       |     2 |     5 |       ||     7
  Evoke: Wand              |       |     3 |     5 |    15 |    19 |    19 |    10 ||    71
         Phial of floods   |       |       |       |     1 |       |       |     1 ||     2
    Use: Scroll            |     1 |     4 |    11 |    15 |    11 |    27 |     8 ||    77
         Potion            |       |       |       |     4 |    11 |    14 |     5 ||    34
   Stab: Sleeping          |     2 |       |       |       |       |     1 |     1 ||     4
         Invisible         |       |       |       |     6 |     5 |       |       ||    11
         Distracted        |       |       |       |       |       |     1 |     1 ||     2
         Betrayed ally     |       |       |       |       |       |     1 |       ||     1
 Armour: Animal skin       |     2 |       |       |       |       |       |       ||     2
         Scale mail        |    15 |       |       |       |       |       |       ||    15
         Chain mail        |     3 |    53 |    42 |   149 |   458 |   313 |   204 ||  1222
         Plate armour      |       |       |    76 |    86 |       |       |       ||   162
  Dodge: Dodged            |    46 |    44 |    78 |   148 |   440 |   434 |   224 ||  1414
  Block: Other             |       |     9 |    49 |    28 |     2 |    16 |    76 ||   180
         Reflection        |       |     1 |     1 |     1 |       |     6 |    11 ||    20

Table legend: (Time is in decaauts)
 A = Elapsed time spent in this place.
 B = Non-inter-level travel time spent in this place.
 C = Inter-level travel time spent in this place.
 D = Time resting spent in this place.
 E = Time spent auto-exploring this place.
 F = Levels seen in this place.
 G = Mean time per level.
                   A        B        C        D        E       F      G
               +--------+--------+--------+--------+--------+-----+--------+
         Total |  79979 |  77546 |   2433 |  43591 |  23633 |  40 | 1999.5 |
       Dungeon |  18066 |  16895 |   1171 |   4058 |   9683 |  15 | 1204.4 |
          Lair |   7063 |   6688 |    375 |   1829 |   3677 |   5 | 1412.6 |
        Shoals |   9242 |   9059 |    183 |   5920 |   2157 |   4 | 2310.5 |
     Snake Pit |  15349 |  15176 |    173 |  11173 |   2770 |   4 | 3837.2 |
  Orcish Mines |   9022 |   8733 |    289 |   7247 |    738 |   2 | 4511.0 |
   Elven Halls |  13786 |  13614 |    172 |  10107 |   1783 |   3 | 4595.3 |
        Vaults |   5224 |   5157 |     67 |   1807 |   2574 |   3 | 1741.3 |
         Abyss |    179 |    179 |      0 |     53 |     49 |   1 |  179.0 |
        Bazaar |    233 |    233 |      0 |    125 |     85 |   1 |  233.0 |
      Ice Cave |   1371 |   1371 |      0 |    994 |    114 |   1 | 1371.0 |
      Gauntlet |    439 |    439 |      0 |    275 |      2 |   1 |  439.0 |
               +--------+--------+--------+--------+--------+-----+--------+

Top non-repeatable levels by time:
   Elf:3: 9417 daAuts
 Snake:4: 8064 daAuts
   Orc:2: 7742 daAuts
Shoals:4: 4238 daAuts
 Snake:3: 3759 daAuts
Vaults:2: 3493 daAuts
 Snake:1: 2519 daAuts
   Elf:1: 2311 daAuts
   Elf:2: 2057 daAuts
    D:10: 1992 daAuts
Shoals:1: 1927 daAuts
  Lair:5: 1916 daAuts
    D:14: 1790 daAuts
Shoals:2: 1756 daAuts
    D:11: 1687 daAuts
